Match 47179613
Unlisted

Match 47179613
End
250 Light Carrier
Selects Panzerjäger Kommand Battlegroup
Selects Mine Fields
Panzergrenadier Squad
Panzergrenadier Squad
Construct Light Support Kompanie
Fire Support Elements
MG34 Team
Selects Tank Busters
Flakvierling Half-track
Pak 38 Mechanized Group
2.5-tonne Medical Truck
Construct Mechanized Kompanie
Selects Early Warning
StuG III D Assault Gun
Selects Butterfly Bomb Drop
Emergency Repair Kits
StuG III D Assault Gun
Smith
poe2 is
阿尔法
DeXtrOsE
runningDuck
Eaqe
0
0

Comments sign in to comment!

No comments posted yet!